Map: Ulrena

Players

Infection - Winner!

  • Race: Zerg Zerg
  • League: Silver

Kush

  • Race: Protoss Protoss
  • League: Platinum

VOD

Have the link to the VOD?

Description

Time

  • Played on: Jan. 9, 2016, 10:58 p.m.
  • Length: 11:53
Show
View Real Time Build Order
Export as new Build Order

Infection Zerg - Winner!

Build Orders: Hatch First 

Get SALT Encoding   

  12  0:01  Drone  
  13  0:12  Overlord  
  13  0:17  Drone  
  14  0:30  Drone  
  14  0:31  Drone  
  16  0:37  Drone  
  17  0:54  Hatchery  
  16  0:59  Drone  
  16  1:01  Drone  
  18  1:15  Extractor  
  18  1:16  Drone  
  18  1:26  Spawning Pool  
  18  1:28  Drone  
  18  1:30  Drone  
  19  1:46  Drone  
  20  1:51  Drone  
  21  2:03  Overlord  
  21  2:18  Zergling x2  
  21  2:19  Zergling x4  
  21  2:20  Queen x2  
  21  2:22  Drone  
  29  2:26  Metabolic Boost  
  29  2:32  Drone  
  29  2:33  Drone  
  31  2:49  Drone x2  
  33  2:54  Overlord  
  33  2:57  Overlord  
  33  3:03  Drone  
  34  3:22  Drone  
  34  3:23  Drone x3  
  35  3:39  Drone x3  
  35  3:40  Drone x4  
  42  3:47  Extractor  
  41  3:57  Roach Warren  
  41  3:58  Lair  
  41  4:02  Extractor  
  39  4:03  Drone x3  
  39  4:04  Drone x2  
  39  4:05  Extractor  
  39  4:09  Queen  
  45  4:14  Overlord x2  
  46  4:17  Zergling x10  
  50  4:38  Roach Warren  
  50  4:41  Evolution Chamber  
  48  4:48  Evolution Chamber  
  48  4:52  Drone x4  
  51  4:53  Drone  
  51  4:57  Roach x6  
  61  5:23  Ravager x2  
  61  5:24  Ravager x2  
  65  5:52  Zerg Missile Weapons Level 1  
  65  6:09  Drone  
  65  6:10  Drone  
  67  6:12  Spore Crawler  
  67  6:14  Glial Reconstitution  
  67  6:17  Zerg Ground Armor Level 1  
  66  6:22  Overlord x3  
  66  6:23  Overlord x2  
  66  6:24  Overseer  
  66  6:37  Hatchery  
  65  6:46  Hatchery  
  64  6:59  Queen  
  64  7:00  Drone  
  64  7:01  Drone x4  
  70  7:04  Roach  
  70  7:05  Roach x7  
  87  7:14  Overlord x4  
  87  7:20  Roach  
  87  7:26  Roach x4  
  87  7:27  Roach  
  97  7:34  Ravager x3  
  100  7:37  Roach  
  100  7:38  Roach  
  86  8:25  Roach x3  
  86  8:26  Roach x11  
  114  8:35  Zerg Ground Armor Level 2, Zerg Missile Weapons Level 2  
  114  8:41  Drone  
  115  8:58  Roach  
  115  8:59  Roach x11  
  139  9:08  Drone x2, Extractor  
  140  9:11  Ravager  
  140  9:12  Ravager  
  142  9:25  Overlord x6  
  142  9:26  Overlord x3  
  142  9:28  Roach  
  142  9:29  Roach  
  146  9:33  Ravager  
  146  9:36  Overlord  
  147  9:42  Overseer  
  147  9:43  Overseer  
  134  9:56  Roach x8  
  136  10:09  Ravager  
  137  10:24  Drone  
  137  10:25  Drone x9  
  147  10:41  Ravager  
  147  10:42  Roach  
  148  10:48  Hatchery  
  138  10:51  Roach  
  138  10:52  Roach x8  
  148  11:28  Roach  
  148  11:29  Roach x13  
Show
View Real Time Build Order
Export as new Build Order

Kush Protoss 

Build Orders: 1 Gate Expand 

Get SALT Encoding   

  12  0:01  Probe (Chrono Boost)  
  13  0:11  Probe (Chrono Boost)  
  14  0:19  Pylon  
  14  0:23  Probe (Chrono Boost)  
  15  0:37  Probe (Chrono Boost)  
  15  0:39  Gateway  
  16  0:48  Probe (Chrono Boost)  
  17  0:52  Assimilator  
  17  0:58  Probe (Chrono Boost)  
  18  1:09  Probe (Chrono Boost)  
  19  1:30  Nexus  
  19  1:37  Cybernetics Core  
  19  1:38  Probe (Chrono Boost)  
  20  1:49  Pylon  
  20  1:50  Probe (Chrono Boost)  
  21  2:01  Probe (Chrono Boost)  
  22  2:06  Assimilator  
  22  2:09  Pylon  
  22  2:18  Robotics Facility  
  22  2:21  Warp Gate (Chrono Boost)  
  22  2:29  Probe  
  23  2:41  Probe  
  23  2:43  Probe  
  23  2:50  Adept  
  26  2:53  Mothership Core, Probe  
  29  3:05  Probe  
  29  3:12  Probe  
  30  3:17  Probe  
  29  3:31  Probe  
  30  3:34  Probe  
  32  3:41  Warp Prism (Chrono Boost)  
  32  3:43  Probe  
  34  3:49  Probe  
  35  3:55  Probe  
  35  3:59  Probe  
  37  4:08  Gateway  
  37  4:10  Gateway  
  37  4:14  Immortal (Chrono Boost)  
  41  4:19  Probe  
  42  4:25  Probe  
  43  4:31  Probe  
  43  4:32  Adept  
  43  4:36  Probe  
  47  4:44  Probe  
  48  4:46  Probe  
  48  4:48  Immortal (Chrono Boost)  
  53  4:56  Probe  
  54  5:21  Pylon  
  54  5:24  Pylon  
  54  5:27  Pylon  
  54  5:37  Probe  
  54  5:39  Probe  
  56  5:48  Probe  
  56  5:49  Stalker x3  
  59  5:51  Probe  
  60  5:57  Gateway  
  60  5:58  Immortal (Chrono Boost), Probe  
  60  5:59  Gateway  
  60  6:02  Gateway  
  65  6:04  Gateway  
  65  6:10  Gateway  
  65  6:13  Pylon  
  65  6:15  Pylon  
  65  6:16  Pylon x2  
  65  6:19  Probe  
  65  6:22  Stalker x3  
  72  6:25  Probe  
  72  6:30  Assimilator  
  72  6:31  Probe  
  72  6:32  Assimilator  
  74  6:47  Stalker x3  
  80  6:56  Stalker x2  
  80  7:00  Probe  
  85  7:02  Probe  
  85  7:04  Stalker x2  
  90  7:15  Sentry, Probe  
  91  7:16  Sentry  
  91  7:17  Zealot x2  
  91  7:20  Stalker  
  91  7:22  Stalker, Pylon  
  103  7:35  Probe  
  104  7:38  Immortal (Chrono Boost)  
  94  7:52  Stalker x4  
  94  7:53  Stalker  
  94  7:55  Sentry  
  92  8:25  Stalker x4, Probe  
  92  8:26  Stalker x3  
  107  8:29  Probe  
  108  8:40  Nexus  
  108  8:45  Pylon  
  108  8:47  Pylon  
  108  8:49  Probe  
  109  9:05  Stalker x2  
  109  9:06  Stalker x2  
  109  9:09  Sentry x3  
  123  9:18  Probe  
  123  9:21  Probe  
  125  9:28  Stalker  
  127  9:35  Forge  
  127  9:37  Twilight Council  
  93  10:05  Stalker x3  
  93  10:06  Stalker x4  
  101  10:07  Stalker  
  99  10:19  Photon Cannon  
  99  10:20  Photon Cannon  
  99  10:33  Assimilator  
  99  10:37  Assimilator  
  99  10:39  Photon Cannon  
  81  10:52  Zealot  
  81  10:53  Zealot x2  
  57  11:24  Sentry x3  
  57  11:25  Sentry x4  
  56  11:27  Zealot  
Tags
 
Add a new tag
Caveats
  • Supply blocks, unpowered buildings, or Contaminate may cause inaccurate times.
  • Supply counts are checked every 10 seconds.